 Dungeon Crawl Stone Soup version 0.31-a0-986-g5e6e4ef867 (webtiles) character file.

Game seed: 17612208383443365640

44 Dittersdorf the Trooper (level 3, -20/24 HPs)
             Began as a Gargoyle Fighter on Nov 6, 2023.
             Demolished by an ogre
             ... wielding a +0 giant spiked club
              (27 damage)
             ... on level 2 of the Dungeon.
             The game lasted 00:01:04 (1154 turns).

Dittersdorf the Trooper (Gargoyle Fighter)          Turns: 1154, Time: 00:01:05

Health: -20/24     AC: 10    Str: 21    XL:     3   Next: 60%
Magic:  3/3        EV:  9    Int:  8    God:
Gold:   91         SH:  4    Dex:  9    Spells: 2/2 levels left

rFire   . . .        a - +0 flail
rCold   . . .        c - +0 buckler
rNeg    + . .        b - +0 scale mail
rPois   ∞            (no helmet)
rElec   +            (no cloak)
rCorr   .            (no gloves)
SInv    .            (no boots)
Will    .....        (no amulet) Stlth
                     (no ring)
HPRegen 0.24/turn    (no ring)
MPRegen 0.08/turn

%: no passive effects
@: no status effects
A: sickness immunity, AC +3, negative energy resistance 1, electricity
resistance, torment resistance 1, petrification resistance
a: no special abilities


You were on level 2 of the Dungeon.
You visited 1 branch of the dungeon, and saw 2 of its levels.

You collected 91 gold pieces.

Inventory:

Hand Weapons
 a - a +0 flail (weapon)
Armour
 b - a +0 scale mail (worn)
 c - a +0 buckler (worn)
Scrolls
 e - 5 scrolls of identify {unknown}
 g - a scroll of enchant armour {unknown}
 h - a scroll of poison {unknown}
 i - a scroll of brand weapon {unknown}
Potions
 d - 2 potions of might
 f - 2 potions of enlightenment {unknown}
 j - a potion of curing {unknown}


   Skills:
 + Level 3.8 Fighting
 + Level 2.5 Maces & Flails
 + Level 3.7 Armour
 + Level 3.7 Shields


You had 2 spell levels left.
You didn't know any spells.
Your spell library contained the following spells:

 Spells                   Type           Power      Damage    Failure   Level
 Summon Forest            Summ/Tloc      0%         N/A       100%        5
 Eringya's Noxious Bog    Tmut/Pois      0%         4d6       100%        6
 Summon Hydra             Summ           0%         N/A       100%        7


Dungeon Overview and Level Annotations

Branches:
Dungeon (2/15)

Altars:


Innate Abilities, Weirdness & Mutations

You are immune to sickness and miasma.
Your stone body is resilient. (AC +3)
You are immune to poison.
You resist negative energy. (rN+)
You are resistant to electric shocks. (rElec)
You are resistant to unholy torment.
You are immune to petrification.


Message History

a +0 club; an adder corpse You now have 91 gold pieces (gained 14).
You see here the +7 sling of Flawed Execution {antimagic, rElec}.
No target in view!
An ogre comes into view. It is wielding a +0 giant spiked club.
Found two stone staircases leading up.
The ogre shouts!
Found a scroll labelled SAED HITEQOO.
You thump the ogre!
The ogre is moderately wounded.
The ogre barely misses you.
You thump the ogre!
The ogre is heavily wounded.
The ogre hits you with a +0 giant spiked club!!
Ouch! That really hurt!
* * * LOW HITPOINT WARNING * * *
You are too injured to fight recklessly!
You are too injured to fight recklessly!
You are too injured to fight recklessly!
You are too injured to fight recklessly!
You are too injured to fight recklessly!
You are too injured to fight recklessly!
You are too injured to fight recklessly!
You are too injured to fight recklessly!
You are too injured to fight recklessly!
You are too injured to fight recklessly!
You are too injured to fight recklessly!
You are too injured to fight recklessly!
You are too injured to fight recklessly!
You are too injured to fight recklessly!
You are too injured to fight recklessly!
You are too injured to fight recklessly!
You are too injured to fight recklessly!
You hit the ogre.
The ogre is severely wounded.
You completely miss the ogre.
The ogre is severely wounded.
The ogre hits you with a +0 giant spiked club!!
Ouch! That really hurt!
You die...

#.....# . #.....# ..
#.....# ######### ...##
#.....# #.......#
<..##...?.# #........
#..#..#.....####........
......O.....#...........
#...##@#######.........
..............#.#####.#.
##<#.#.#......#.# ###.#.
# #.#......#.###...##
#.#.#.#..#...#.....
#.#.#.#)#..###.#.#...
#.#.#...#..###....#..
#....................
#.....#.##.######.#..


You could see an ogre.

Vanquished Creatures
  2 adders (D:2)
  A worm (D:2)
  3 endoplasms (D:1)
  5 goblins
  2 jackals (D:1)
  A ball python (D:1)
  2 bats (D:1)
  3 frilled lizards
  2 kobolds
  3 rats
24 creatures vanquished.

Notes
Turn   | Place    | Note
-------+----------+-------------------------------------------
     0 | D:1      | Dittersdorf the Gargoyle Fighter began the quest for the
                  | Orb.
     0 | D:1      | Reached XP level 1. HP: 14/14 MP: 1/1
   236 | D:1      | Reached XP level 2. HP: 11/19 MP: 2/2
   426 | D:1      | Found a faded altar of an unknown god.
  1070 | D:2      | Reached XP level 3. HP: 24/24 MP: 3/3
  1144 | D:2      | Identified the +7 sling of Flawed Execution {antimagic,
                  | rElec}
  1149 | D:2      | Noticed an ogre
  1154 | D:2      | Demolished by an ogre

Illustrated notes

Levels and vault maps discovered:
D:1:      matt_arrival_spirals, layout_basic, dreamdust_ecumenical_altar_grove
D:2:      layout_basic, st_stairs_6, minmay_crystal_room

Action                     || total
---------------------------++-------
  Melee: Flail             ||    91
 Armour: Scale mail        ||    96
  Dodge: Dodged            ||    46
  Block: Buckler           ||    20

Table legend: (Time is in decaauts)
 A = Elapsed time spent in this place.
 B = Non-inter-level travel time spent in this place.
 C = Inter-level travel time spent in this place.
 D = Time resting spent in this place.
 E = Time spent auto-exploring this place.
 F = Levels seen in this place.
 G = Mean time per level.
                   A        B        C        D        E       F      G
               +--------+--------+--------+--------+--------+-----+--------+
         Total |   1183 |   1149 |     34 |     34 |    898 |   2 |  591.5 |
       Dungeon |   1183 |   1149 |     34 |     34 |    898 |   2 |  591.5 |
               +--------+--------+--------+--------+--------+-----+--------+

Top non-repeatable levels by time:
     D:1: 998 daAuts
     D:2: 185 daAuts
